 Dungeon Crawl Stone Soup version 0.24-b1-44-g37ad8b309f (webtiles) character file.

Game seed: 17876470180401421735, levelgen mode: deterministic

130 Mrkan the Shooter (level 4, 0/38 HPs)
             Began as a Centaur Hunter on Oct 24, 2019.
             Killed from afar by an orc wizard (5 damage)
             ... with a magic dart
             ... on level 3 of the Dungeon.
             The game lasted 00:05:52 (1474 turns).

Mrkan the Shooter (Centaur Hunter)                  Turns: 1474, Time: 00:05:53

Health: 0/38       AC:  9    Str: 14    XL:     4   Next: 90%
Magic:  4/4        EV:  4    Int: 10    God:
Gold:   87         SH:  0    Dex: 11    Spells: 3/3 levels left

rFire    . . .     SeeInvis .   b - +0 short sword
rCold    . . .     Gourm    .   (no shield)
rNeg     . . .     Faith    .   o - +0 chain mail
rPois    .         Spirit   .   p - +1 helmet
rElec    .         Reflect  .   (no cloak)
rCorr    .         Harm     .   (no gloves)
MR       .....                  (no barding)
Stlth    ..........             (no amulet)
HPRegen  0.12/turn              (no ring)
MPRegen  0.09/turn              (no ring)

@: very quick
A: large, hooves 3, deformed body, speed 2, tough skin 3
a: no special abilities


You were on level 3 of the Dungeon.
You were not hungry.

You visited 1 branch of the dungeon, and saw 3 of its levels.

You collected 87 gold pieces.

Inventory:

Hand Weapons
 a - a +1 shortbow
 b - a +0 short sword (weapon)
Missiles
 e - 34 stones (quivered)
 r - 12 poisoned darts
 w - 3 curare-tipped darts
 x - 20 arrows
Armour
 c - a +0 leather armour
 o - a +0 chain mail (worn)
 p - a +1 helmet (worn)
Jewellery
 h - an uncursed ring of resist corrosion {unknown}
 m - an uncursed ring of ice {unknown}
Wands
 d - a wand of random effects (15)
Scrolls
 i - 5 scrolls of remove curse {unknown}
 k - 2 scrolls of magic mapping {unknown}
 l - a scroll of enchant weapon {unknown}
 n - 3 scrolls of identify {unknown}
 v - a scroll of noise {unknown}
Potions
 g - 2 potions of mutation {unknown}
 j - a potion of brilliance {unknown}
 q - 3 potions of flight {unknown}
 s - a potion of agility {unknown}
 t - a potion of degeneration {unknown}
Comestibles
 f - 4 rations
 u - 4 chunks of flesh


   Skills:
 + Level 3.3 Fighting
 * Level 7.4 Bows
 - Level 1.3 Dodging
 - Level 0.4 Stealth


You had 3 spell levels left.
You didn't know any spells.
Your spell library was empty.

Dungeon Overview and Level Annotations

Branches:
Dungeon (3/15)

Altars:
Cheibriados


Innate Abilities, Weirdness & Mutations

You have hooves in place of feet.
Armour fits poorly on your strangely shaped body.
You cover ground very quickly.
You have extremely tough skin. (AC +3)


Message History

A puff of flame appears from out of thin air!
The puff of flame hits you!
* * * LOW HITPOINT WARNING * * *
Something hits you but does no damage.
Things that are here:
a +0 war axe; a +0 chain mail You closely miss something.
Something hits you but does no damage.
You miss something. Something hits you but does no damage.
Something completely misses you.
You miss something.
You hear some strange, mumbled words.
A magic dart appears from out of thin air!
The magic dart hits you.
* * * LOW HITPOINT WARNING * * *
You miss something. Your kick misses something.
Something hits you but does no damage.
You hear some strange, mumbled words.
A magic dart appears from out of thin air!
The magic dart hits you.
You die...

#.###.#.#
##.#.# #
#..#.# #.
#.##.#
#.##.##.#
#.......#
##......#
#.#.##.#
#.#@# .#
#<#{.# #
# ##.# .#
.. .## ##


There were no monsters in sight!

Vanquished Creatures
  Ijyb (D:3)
  A gnoll (D:2)
  2 adders (D:2)
  An ooze (D:3)
  3 worms (D:2)
  2 dart slugs
  A leopard gecko (D:2)
  6 orcs (D:3)
  A ball python (D:3)
  6 bats
  4 giant cockroaches
  5 goblins
  2 hobgoblins (D:2)
  6 jackals
  3 kobolds (D:2)
  2 quokkas
  7 rats
53 creatures vanquished.

Notes
Turn   | Place    | Note
-------+----------+-------------------------------------------
     0 | D:1      | Mrkan the Centaur Hunter began the quest for the Orb.
     0 | D:1      | Reached XP level 1. HP: 17/17 MP: 1/1
    78 | D:1      | You fall into a shaft and drop 1 floor!
   105 | D:2      | Reached XP level 2. HP: 15/24 MP: 2/2
   153 | D:2      | Reached skill level 6 in Bows
   322 | D:2      | Reached XP level 3. HP: 25/30 MP: 3/3
   565 | D:2      | Found a snail-covered altar of Cheibriados.
   755 | D:2      | Reached XP level 4. HP: 37/37 MP: 4/4
  1202 | D:3      | Reached skill level 7 in Bows
  1206 | D:3      | Noticed Ijyb
  1247 | D:3      | Killed Ijyb
  1474 | D:3      | Killed from afar by an orc wizard

Skill      XL: |  1  2  3  4 |
---------------+-------------+-----
Bows           | 6 7 |  7.4
Fighting       | 3 |  3.3
Dodging        | |  1.3
Stealth        | |  0.4

Action                   |  1- 3 |  4- 6 || total
-------------------------+-------+-------++-------
Melee: Short sword       |    38 |    57 ||    95
       Kick              |     7 |    14 ||    21
 Fire: Shortbow          |    53 |    48 ||   101
Throw: Stone             |     2 |     8 ||    10
  Eat: Chunk             |       |     1 ||     1
Armor: Leather armour    |    22 |       ||    22
       Chain mail        |     2 |    76 ||    78
Dodge: Dodged            |    29 |    32 ||    61
